 Dungeon Crawl Stone Soup version 0.28-b1-25-g9875b3fc8c (webtiles) character file.

Game seed: 3762215756010872571

34 inmateoo the Ruffian (level 3, -4/46 HPs)
             Began as a Palentonga Monk on Feb 7, 2022.
             Slain by a hobgoblin (5 damage)
             ... led by Robin
             ... on level 2 of the Dungeon.
             The game lasted 00:01:03 (1468 turns).

inmateoo the Ruffian (Palentonga Monk)              Turns: 1468, Time: 00:01:03

Health: -4/46      AC: 21    Str: 14    XL:     3   Next: 14%
Magic:  3/3        EV:  1    Int: 12    God:
Gold:   81         SH:  0    Dex: 12    Spells: 2/2 levels left

rFire   . . .      SeeInvis +     - Unarmed
rCold   . . .      Faith    .   (no shield)
rNeg    . . .      Spirit   .   (armour currently unavailable)
rPois   +          Reflect  .   (helmet currently unavailable)
rElec   .          Harm     .   (cloak currently unavailable)
rCorr   .          Rampage  .   (gloves currently unavailable)
Will    .....      NoTele   +   (no barding)
Stlth   ++........              (no amulet)
HPRegen 0.15/turn               (no ring)
MPRegen 0.08/turn               (no ring)

@: tree-form
A: stationary, stasis, torment immunity, boosted hp, large, rugged brown scales
3, see invisible, (deformed body), (roll 1), (armoured tail)
a: no special abilities


You were on level 2 of the Dungeon.
You were a tree.
You visited 1 branch of the dungeon, and saw 2 of its levels.

You collected 81 gold pieces.

Inventory:

Armour
 a - a +0 robe (melded)
 d - a +0 helmet (melded)
Scrolls
 b - a scroll of teleportation {unknown}
 c - a scroll of holy word {unknown}
 f - 2 scrolls of identify {unknown}
Potions
 g - a potion of attraction {unknown}


   Skills:
 - Level 3.0 Fighting
 - Level 2.4 Dodging
 - Level 1.2 Stealth
 + Level 4.3 Unarmed Combat


You had 2 spell levels left.
You didn't know any spells.
Your spell library contained the following spells:

 Spells                   Type           Power      Damage    Failure   Level
 Gell's Gravitas          Tloc           0%         N/A       69%         3
 Lesser Beckoning         Tloc           0%         N/A       69%         3
 Summon Guardian Golem    Hex/Summ       0%         N/A       69%         3
 Teleport Other           Tloc           0%         N/A       69%         3
 Orb of Destruction       Conj           0%         9d5       100%        7
 Spellforged Servitor     Conj/Summ      0%         N/A       100%        7


Dungeon Overview and Level Annotations

Branches:
Dungeon (2/15)

Altars:

Annotations:
D:2 Robin


Innate Abilities, Weirdness & Mutations

You are a tree.
Your roots penetrate the ground, keeping you stationary.
You cannot be teleported.
You are immune to unholy pain and torment.
Your maximum health is greatly increased.
Your equipment is partially melded.
(You are completely covered in rugged brown scales. (AC +3, +7% HP))
You have supernaturally acute eyesight. (SInv)
((Armour fits poorly on your strangely shaped body.))
((You can roll at nearby foes to attack.))
((You have a long armoured tail.))


Message History

The goblin hits you but does no damage.
A hobgoblin comes into view.
You barely miss the goblin. The goblin hits you but does no damage.
The hobgoblin hits you. The goblin hits you but does no damage.
You closely miss the goblin. Robin closely misses you.
The goblin hits you with a +0 club. The hobgoblin barely misses you.
You barely miss the goblin. You tail-slap the goblin.
You kill the goblin!
The goblin hits you with a +0 club. Robin hits you but does no damage.
The hobgoblin barely misses you.
You barely miss the hobgoblin. The hobgoblin barely misses you.
The goblin hits you with a +0 club. Robin barely misses you.
The hobgoblin hits you.
* * * LOW HITPOINT WARNING * * *
You hit the hobgoblin.
The hobgoblin is almost dead.
The hobgoblin hits you but does no damage.
The goblin hits you with a +0 club.
* * * LOW HITPOINT WARNING * * *
Robin roars a battlecry!
The goblins go into a battle-frenzy!
The hobgoblin completely misses you.
You closely miss the hobgoblin.
The hobgoblin is almost dead.
The hobgoblin hits you but does no damage.
The goblin hits you with a +0 club.
* * * LOW HITPOINT WARNING * * *
The hobgoblin closely misses you.
It was a potion of lignification.
You turn into a tree.
Your +0 helmet melds into your body.
Your +0 robe melds into your body.
Your roots penetrate the ground.
The hobgoblin hits you.
* * * LOW HITPOINT WARNING * * *
The goblin hits you but does no damage. Robin hits you but does no damage.
The hobgoblin hits you but does no damage.
You barely miss Robin.
Robin is severely wounded.
The hobgoblin no longer looks unusually strong.
A goblin comes into view. It is wielding a +0 dagger.
The hobgoblin hits you.
You die...

...)...).#
#.###.###.# #.g.
#######..# #.# #.#
#.# #..#
#..###'###.###'###..#
#..+.............'.g#
#..###'###.###+###.g#
#..# #.# #.# #.# #g.#
#..# #.###.###.# #g.#
#..# #...gggg..# #..#
#..# #####♣##### #g.#
#..# #g# #..#
#..#######g#######g.#
#..........g.gg....[#
#..........#####....#
############ ######


You could see Robin, 2 hobgoblins and 4 goblins.

Vanquished Creatures
  2 worms (D:2)
  A dart slug (D:1)
  4 ball pythons (D:1)
  An endoplasm (D:1)
  A giant cockroach (D:1)
  7 goblins (D:2)
  2 hobgoblins
  A quokka (D:1)
  A bat (D:1)
  2 frilled lizards (D:1)
  A kobold (D:1)
  2 rats
25 creatures vanquished.

Notes
Turn   | Place    | Note
-------+----------+-------------------------------------------
     0 | D:1      | inmateoo the Palentonga Monk began the quest for the Orb.
     0 | D:1      | Reached XP level 1. HP: 19/19 MP: 1/1
   286 | D:1      | Reached XP level 2. HP: 23/25 MP: 2/2
   376 | D:1      | Found a faded altar of an unknown god.
  1090 | D:2      | Reached skill level 4 in Unarmed Combat
  1412 | D:2      | Noticed Robin
  1425 | D:2      | Reached XP level 3. HP: 31/31 MP: 3/3
  1466 | D:2      | HP: 1/31 [goblin[Robin] (1)]
  1468 | D:2      | Slain by a hobgoblin

Illustrated notes

Levels and vault maps discovered:
D:1:      lightli_arrival_statue_moat, layout_loops_ring,
          shapermc_ecumenical_altar_starsandcircs
D:2:      layout_basic, minmay_door_square, uniq_crazy_yiuf_cottage, uniq_robin,
          uniq_natasha

Skill      XL: |  1  2 |
---------------+-------+-----
Unarmed Combat | 4 |  4.3
Fighting       | |  3.0
Dodging        | |  2.4
Stealth        | |  1.2

Action                   || total
-------------------------++-------
Melee: Unarmed           ||    97
       Tailslap          ||    10
       Punch             ||     3
 Abil: Rolling Charge    ||    12
  Use: Potion            ||     1
Armor: Robe              ||    34
       Skin              ||     3
Dodge: Dodged            ||    35
